 Dungeon Crawl Stone Soup version 0.18.1-6-gd335043 (webtiles) character file.

1416 Gingerlord the Skirmisher (level 9, -3/68 (69) HPs)
             Began as a Formicid Abyssal Knight on May 18, 2016.
             Was an Elder of Lugonu.
             Slain by an orc warrior
             ... wielding a +0 flail
              (20 damage)
             ... on level 6 of the Dungeon.
             The game lasted 00:15:17 (7810 turns).

Gingerlord the Skirmisher (Formicid Abyssal Knight) Turns: 7810, Time: 00:15:17

HP:   -3/68 (69)    AC: 12    Str: 17    XL:     9   Next: 2%
MP:   13/13         EV:  7    Int: 13    God:    Lugonu [****..]
Gold: 322           SH:  9    Dex: 12    Spells: 0 memorised, 8 levels left

rFire  + . .     SeeInvis +     a - +1 falchion
rCold  . . .     Gourm    .     o - +1 chain mail {rPois}
rNeg   . . .     Faith    .     m - +0 shield
rPois  +         Spirit   .     (helmet unavailable)
rElec  .         Dismiss  .     v - +0 cloak
rCorr  .         Reflect  .     (no gloves)
SustAt .         Harm     .     (no boots)
MR     .....                    r - amulet of magic regeneration
Stlth  ..........               (no ring)
                                k - ring of protection from fire

@: not resistant to hostile enchantments, extremely unstealthy
A: permanent stasis, dig shafts and tunnels, four strong arms, antennae 3
a: Dig, Shaft Self, Depart the Abyss, Bend Space, Banish, Corrupt, Renounce
Religion


You were on level 6 of the Dungeon.
You worshipped Lugonu.
Lugonu was greatly pleased with you.
You were not hungry.

You visited 1 branch of the dungeon, and saw 6 of its levels.
You visited the Abyss 1 time.
You also visited: Sewer.

You collected 322 gold pieces.

Inventory:

Hand Weapons
 a - a +1 falchion (weapon)
Armour
 m - a +0 shield (worn)
 o - a +1 chain mail of poison resistance (worn)
 v - a +0 cloak (worn)
Jewellery
 k - a ring of protection from fire (left hand)
 r - an amulet of magic regeneration (around neck)
Scrolls
 l - 3 scrolls of remove curse
 p - a scroll of magic mapping
 s - a scroll of noise {unknown}
 t - 2 scrolls of fear {unknown}
 x - a scroll of enchant armour {unknown}
Potions
 d - a potion of lignification
 e - 3 potions of flight
 f - a potion of ambrosia
 h - 3 potions of curing
 i - 3 potions of brilliance
 j - a potion of might
 n - 3 potions of heal wounds {unknown}
 u - a potion of mutation {unknown}
Comestibles
 b - a meat ration
 c - 4 bread rations
 g - 2 royal jellies
 q - a chunk of flesh


   Skills:
 + Level 5.8 Fighting
 + Level 4.7 Long Blades
 + Level 5.0 Armour
 + Level 3.6 Dodging
 + Level 4.6 Shields
 + Level 5.6 Invocations


You had 8 spell levels left.
You didn't know any spells.

Dungeon Overview and Level Annotations

Branches:
Dungeon (6/15)             Temple (0/1) D:5

Altars:
Ashenzari
Fedhas
Makhleb
Sif Muna

Annotations:
D:2 1 exclusion
D:5 blooo's ghost, amateur DsFE
D:6 Dowan; Duvessa
Abyss:1 Grinder


Innate Abilities, Weirdness & Mutations

You are under a permanent stasis effect.
You can dig through walls and to a lower floor.
Your four strong arms can wield two-handed weapons with a shield.
You have a pair of large antennae on your head (SInv).


Message History

You barely miss the orc warrior.
The orc warrior is lightly wounded.
You block the orc warrior's attack.
The crimson imp blinks!
You hit the orc warrior.
The orc warrior is moderately wounded.
You block the orc warrior's attack.
Your chain mail prevents you from hitting the orc warrior.
The orc warrior is moderately wounded.
The orc warrior hits you but does no damage.
Your chain mail prevents you from hitting the orc warrior.
The orc warrior is moderately wounded.
You block the orc warrior's attack.
Your chain mail prevents you from hitting the orc warrior.
The orc warrior is moderately wounded.
The orc warrior hits you with a flail.
* * * LOW HITPOINT WARNING * * *
You hit the orc warrior.
The orc warrior is moderately wounded.
The crimson imp blinks!
The orc warrior hits you with a flail!!
You die...

....######
#####.#### ....###
#.##)## ).......
..####.#.#.#
....####
#.....>.#######
....#
######........#
....# #.##.....#
....# #..#....(#
..###
##########.#.....#
#...
.......@oo§..>...#.#
.....
##########.#).......
####. #.......###
#.......# ##
....###### #≈≈
...#.## #≈# ....##..
#≈# #### .(. #§###≈.
....


You could see an orc warrior and an orc.

Vanquished Creatures
  A necrophage (D:5)
  A sky beast (D:5)
  3 big kobolds (D:4)
  A scorpion (D:4)
  A howler monkey (D:4)
  A crimson imp (D:5)
  A giant frog zombie (D:6)
  A giant frog skeleton (D:5)
  3 hounds
  2 orc priests
  Crazy Yiuf (D:4)
  2 orc wizards
  A worker ant (D:4)
  11 gnolls
  9 adders
  A shadow imp (D:6)
  3 oozes (D:1)
  3 worms
  5 dart slugs
  2 giant geckos
  11 orcs
  4 giant cockroaches
  34 goblins
  22 hobgoblins
  8 jackals
  A quokka (D:2)
  2 ball pythons
  4 bats
  A giant gecko skeleton (D:4)
  11 giant newts
  9 kobolds
  3 rats
163 creatures vanquished.

Vanquished Creatures (others)
  2 ogres (D:4)
2 creatures vanquished.

Grand Total: 165 creatures vanquished

Notes
Turn   | Place    | Note
--------------------------------------------------------------
     0 | Abyss:1  | Gingerlord the Formicid Abyssal Knight began the quest for the Orb.
     0 | Abyss:1  | Reached XP level 1. HP: 18/18 MP: 2/2
    65 | Abyss:1  | Noticed a large abomination
    68 | D:1      | Escaped the Abyss
   244 | D:1      | Reached skill level 1 in Dodging
   244 | D:1      | Reached XP level 2. HP: 24/24 MP: 3/3
   348 | D:1      | Reached * piety under Lugonu
   387 | D:1      | Reached XP level 3. HP: 22/29 MP: 4/4
  1552 | D:2      | Reached XP level 4. HP: 37/37 MP: 5/5
  2368 | D:3      | Found a burning altar of Makhleb.
  2370 | D:3      | Found a deep blue altar of Sif Muna.
  2533 | D:3      | Found a glowing drain.
  2607 | Sewer    | Entered a sewer
  2627 | Sewer    | Reached ** piety under Lugonu
  2996 | D:3      | Reached XP level 5. HP: 37/42 MP: 7/7
  3083 | D:3      | Found a faded altar to an unknown god.
  3142 | D:3      | Reached skill level 1 in Shields
  3494 | D:4      | Found a blossoming altar of Fedhas.
  3660 | D:4      | Reached XP level 6. HP: 32/48 MP: 8/8
  3933 | D:4      | Noticed an ogre
  3943 | D:4      | Found a shattered altar of Ashenzari.
  4095 | D:4      | Reached *** piety under Lugonu
  4124 | D:4      | Reached XP level 7. HP: 25/55 MP: 10/10
  4617 | D:4      | Noticed Crazy Yiuf
  4634 | D:4      | Killed Crazy Yiuf
  5905 | D:4      | Reached skill level 5 in Fighting
  6064 | D:4      | Reached **** piety under Lugonu
  6172 | D:4      | Reached XP level 8. HP: 30/62 MP: 11/11
  6589 | D:5      | Entered Level 5 of the Dungeon
  6733 | D:5      | Found a staircase to the Ecumenical Temple.
  6882 | D:5      | Noticed blooo's ghost (amateur DsFE)
  6953 | D:6      | Noticed Grinder
  6963 | D:6      | Reached skill level 5 in Invocations
  6989 | D:6      | Banished Grinder
  7071 | D:6      | Noticed Dowan
  7073 | D:6      | Noticed Duvessa
  7599 | D:6      | Reached skill level 5 in Armour
  7613 | D:6      | Reached XP level 9. HP: 35/68 MP: 13/13
  7810 | D:6      | Slain by an orc warrior

Skill      XL: |  1  2  3  4  5  6  7  8 |
---------------+-------------------------+-----
Dodging        | 1 2 3 |  3.6
Armour         | 3 4 5 |  5.0
Invocations    | 3 4 5 |  5.6
Fighting       | 4 5 |  5.8
Shields        | 1 2 3 4 |  4.6
Long Blades    | 3 4 |  4.7

Action                   |  1- 3 |  4- 6 |  7- 9 || total
-------------------------+-------+-------+-------++-------
Melee: Falchion          |    94 |   328 |   494 ||   916
Invok: Depart the Abyss  |     1 |       |       ||     1
       Banish            |       |       |     3 ||     3
 Abil: Dig               |     1 |       |     2 ||     3
  Use: Scroll            |     3 |     4 |     3 ||    10
       Potion            |       |     2 |     2 ||     4
  Eat: Chunk             |     2 |     7 |     9 ||    18
       Royal jelly       |       |     1 |       ||     1
       Bread ration      |       |       |     1 ||     1
       Fruit             |       |       |     1 ||     1
Armor: Leather armour    |    24 |       |       ||    24
       Ring mail         |    12 |    46 |       ||    58
       Chain mail        |       |   163 |   248 ||   411
Dodge: Dodged            |    47 |   114 |   135 ||   296
Block: Shield            |       |   151 |   232 ||   383
